 Dungeon Crawl Stone Soup version 0.29.1-1-gd02db6906a (webtiles) character file.

Game seed: 8014364551064053996

956 Inkqb the Cleaver (level 7, -9/58 HPs)
             Began as a Minotaur Berserker on Oct 7, 2022.
             Was a Believer of Trog.
             Mangled by an ice beast (11 damage)
             ... on level 6 of the Dungeon.
             The game lasted 00:11:31 (6001 turns).

Inkqb the Cleaver (Minotaur Berserker)              Turns: 6001, Time: 00:11:32

Health: -9/58      AC: 15    Str: 24    XL:     7   Next: 91%
Magic:  6/6        EV:  9    Int:  4    God:    Trog [**....]
Gold:   273        SH:  0    Dex: 15    Spells: 6/6 levels left

rFire   + . .      SeeInvis .   w - +0 war axe
rCold   . . .      Faith    .   (no shield)
rNeg    . . .      Spirit   .   p - +1 chain mail
rPois   .          Reflect  .   (helmet restricted)
rElec   .          Harm     .   (no cloak)
rCorr   .          Rampage  .   l - +2 pair of gloves
Will    ++...                   d - +0 pair of boots
Stlth   ..........              (no amulet)
HPRegen 1.19/turn               h - +6 ring of dexterity
MPRegen 0.10/turn               j - ring of protection from fire

@: strong-willed, regenerating
A: horns 2, retaliatory headbutt
a: Renounce Religion, Berserk, Trog's Hand


You were on level 6 of the Dungeon.
You worshipped Trog.
Trog was pleased with you.
You visited 1 branch of the dungeon, and saw 6 of its levels.

You collected 273 gold pieces.

Inventory:

Hand Weapons
 a - a +0 hand axe of freezing
 w - a +0 war axe (weapon)
 y - a +0 hand axe of flaming
Armour
 d - a +0 pair of boots (worn)
 l - a +2 pair of gloves (worn)
 p - a +1 chain mail (worn)
Jewellery
 b - a ring of flight
 h - a +6 ring of dexterity (left hand)
 j - a ring of protection from fire (right hand)
Wands
 q - a wand of paralysis (9)
Scrolls
 f - 3 scrolls of teleportation
 i - 2 scrolls of vulnerability
 m - 3 scrolls of enchant armour
 u - 2 scrolls of identify
 x - a scroll of brand weapon
Potions
 c - 2 potions of curing
 e - 3 potions of experience {unknown}
 g - a potion of cancellation {unknown}
 k - a potion of might
 n - a potion of resistance {unknown}
 o - 2 potions of ambrosia {unknown}
 r - 2 potions of brilliance {unknown}
 s - 2 potions of mutation
 t - a potion of attraction {unknown}
 v - a potion of flight {unknown}
 z - a potion of heal wounds {unknown}


   Skills:
 - Level 3.7 Fighting
 + Level 9.2 Axes
 + Level 6.5 Armour
 + Level 3.4 Dodging


You had 6 spell levels left.
You didn't know any spells.
Your spell library was empty.

Dungeon Overview and Level Annotations

Branches:
Dungeon (6/15)             Temple (0/1) D:4

Altars:
Cheibriados
Ru
Xom

Shops:
D:1 ?

Annotations:
D:4 1 runed translucent door, Crazy Yiuf


Innate Abilities, Weirdness & Mutations

You have a pair of horns on your head.
You reflexively headbutt those who attack you in melee.


Message History

You barely miss the hound.
You headbutt the hound, but do no damage.
You feel yourself speed up. The hound bites you. The hound closely misses you.
You slash the hound!
The hound is moderately wounded.
The hound bites you but does no damage. x2
You barely miss the hound.
You headbutt the hound, but do no damage.
The hound is moderately wounded.
The hound barely misses you. The hound bites you but does no damage.
You slash the hound!
You kill the hound!
Trog accepts your kill.
You start resting.
You recover from your berserk rage.
You start resting.
HP restored.
f - 3 scrolls of teleportation (gained 1)
An ogre comes into view. It is wielding a +0 giant club.
The ogre shouts!
An ogre is nearby!
An ice beast comes into view.
The ogre hits you with a +0 giant club!!
You hit the ogre but do no damage. Your headbutt misses the ogre.
You slash the ogre! You headbutt the ogre!
The ogre is almost dead.
The ogre hits you with a +0 giant club!
* * * LOW HITPOINT WARNING * * *
A scorpion comes into view.
You are too injured to fight recklessly!
Okay, then.
Your skin crawls.
You feel strong-willed. The ogre hits you with a +0 giant club!
* * * LOW HITPOINT WARNING * * *
The ice beast attacks as you move away! The ice beast hits you.
* * * LOW HITPOINT WARNING * * *
The ice beast freezes you!
You die...

... #.#######.# #..
###.# #.#
##.....#.##### #.######
......#.#.....#
#......#
#.#..#.#####.####...#.#
#....s.#####.##..<#.#.#
#..O>...##.##.#.#.#.#
#.##Y##)...##.#.#.#.#
#@########.#.#...#
#..........#.#####
############.# #.# #.#


You could see an ice beast, an ogre and a scorpion.

Vanquished Creatures
  A water moccasin (D:4)
  A centaur (D:6)
  2 ogres (D:5)
  Blork the orc (D:4)
  A howler monkey (D:5)
  5 hounds
  A jelly (D:5)
  4 iguanas
  8 adders
  4 gnolls
  A worm (D:3)
  2 dart slugs (D:1)
  9 orcs
  9 ball pythons
  7 endoplasms
  4 giant cockroaches
  5 hobgoblins
  5 jackals (D:2)
  3 quokkas
  7 bats
  6 frilled lizards
  4 goblins
  4 kobolds
  6 rats
100 creatures vanquished.

Vanquished Creatures (others)
  A plant (D:1)
1 creature vanquished.

Grand Total: 101 creatures vanquished

Notes
Turn   | Place    | Note
-------+----------+-------------------------------------------
     0 | D:1      | Inkqb the Minotaur Berserker began the quest for the Orb.
     0 | D:1      | Reached XP level 1. HP: 19/19 MP: 0/0
   337 | D:1      | Found Leal's Magic Scroll Boutique.
   341 | D:1      | Reached skill level 4 in Axes
   384 | D:1      | Reached XP level 2. HP: 27/27 MP: 1/1
  1195 | D:2      | Reached XP level 3. HP: 33/33 MP: 2/2
  1304 | D:2      | Found a shimmering altar of Xom.
  1365 | D:2      | Reached skill level 5 in Axes
  1669 | D:2      | Reached ** piety under Trog
  1812 | D:2      | Reached XP level 4. HP: 40/40 MP: 3/3
  2465 | D:3      | Reached skill level 6 in Axes
  2466 | D:3      | Reached XP level 5. HP: 38/46 MP: 4/4
  3297 | D:4      | Noticed a water moccasin
  3303 | D:4      | Killed a water moccasin
  3304 | D:4      | Reached skill level 7 in Axes
  3304 | D:4      | Reached XP level 6. HP: 52/52 MP: 5/5
  3403 | D:4      | Found a runed translucent door.
  3404 | D:4      | Noticed Crazy Yiuf
  3552 | D:4      | Found a snail-covered altar of Cheibriados.
  3556 | D:4      | Found a sacrificial altar of Ru.
  3559 | D:4      | Noticed Blork the orc
  3608 | D:4      | Found a staircase to the Ecumenical Temple.
  3646 | D:4      | You fall into a shaft and drop 1 floor!
  3646 | D:5      | Entered Level 5 of the Dungeon
  3921 | D:4      | Found a shimmering altar of Xom.
  3953 | D:4      | Killed Blork the orc
  4530 | D:5      | Reached skill level 5 in Armour
  4640 | D:5      | Reached XP level 7. HP: 42/58 MP: 6/6
  4644 | D:5      | Reached skill level 8 in Axes
  5840 | D:6      | Noticed a boulder beetle
  5927 | D:6      | Reached skill level 9 in Axes
  5999 | D:6      | HP: 1/58 [ogre/+0 giant club (17)]
  6001 | D:6      | Mangled by an ice beast

Illustrated notes

Levels and vault maps discovered:
D:1:      ncdulo_watergridlock, layout_loops_ring, serial_shops, shop,
          serial_bayou_crossing
D:2:      layout_basic, basic_altar, kennysheep_generic_room_8
D:3:      layout_basic, grunt_decor_one_mirror, cheibrodos_gnoll_hut
D:4:      layout_basic, jmf_multi_god_temple, lemuel_tele_altar, temple_green,
          uniq_crazy_yiuf_cottage, uniq_blork_the_orc
D:5:      layout_layer_cave
D:6:      layout_basic, uniq_grinder, uniq_prince_ribbit1

Skill      XL: |  1  2  3  4  5  6  7 |
---------------+----------------------+-----
Axes           | 4 5 6 7 9 |  9.2
Armour         | 3 4 5 6 |  6.5
Dodging        | 3 |  3.4
Fighting       | |  3.7

Action                   |  1- 3 |  4- 6 |  7- 9 || total
-------------------------+-------+-------+-------++-------
Melee: Hand axe          |    95 |    90 |       ||   185
       Headbutt          |    12 |    20 |    11 ||    43
       Punch             |       |     1 |       ||     1
       War axe           |       |    13 |    44 ||    57
Invok: Berserk           |       |     3 |     1 ||     4
       Trog's Hand       |       |       |     2 ||     2
  Use: Scroll            |     3 |     7 |       ||    10
 Stab: Sleeping          |     1 |       |       ||     1
Armor: Animal skin       |    13 |       |       ||    13
       Scale mail        |    26 |       |       ||    26
       Chain mail        |       |    60 |    21 ||    81
Dodge: Dodged            |    63 |    45 |    27 ||   135
